 Dungeon Crawl Stone Soup version 0.28-a0-850-g09de17f5b5 (webtiles) character file.

Game seed: 8648613730679438636

32 croobank the Sneak (level 3, -9/29 HPs)
             Began as a Demonspawn Delver on Nov 13, 2021.
             Mangled by an iguana (12 damage)
             ... on level 5 of the Dungeon.
             The game lasted 00:02:18 (397 turns).

croobank the Sneak (Demonspawn Delver)               Turns: 397, Time: 00:02:19

Health: -9/29      AC:  3    Str: 13    XL:     3   Next: 8%
Magic:  3/3        EV: 12    Int: 11    God:
Gold:   0          SH:  0    Dex: 14    Spells: 2/2 levels left

rFire   . . .      SeeInvis .   a - +0 hand axe
rCold   . . .      Faith    .   (no shield)
rNeg    . . .      Spirit   .   b - +0 leather armour
rPois   .          Reflect  .   (no helmet)
rElec   .          Harm     .   (no cloak)
rCorr   .          Rampage  .   (no gloves)
Will    .....                   (no boots)
Stlth   +++.......              (no amulet)
HPRegen 0.09/turn               (no ring)
MPRegen 0.08/turn               (no ring)

@: hasted, very quick
A: demonic guardian 1
a: no special abilities


You were on level 5 of the Dungeon.
You visited 1 branch of the dungeon, and saw 1 of its levels.

Inventory:

Hand Weapons
 a - a +0 hand axe (weapon)
Armour
 b - a +0 leather armour (worn)
Wands
 g - a wand of digging (3)
Scrolls
 c - a scroll of fog
 d - a scroll of magic mapping


   Skills:
 + Level 3.2 Fighting
 + Level 2.0 Axes
 + Level 0.2 Armour
 + Level 1.9 Dodging
 + Level 5.1 Stealth


You had 2 spell levels left.
You didn't know any spells.
Your spell library was empty.

Dungeon Overview and Level Annotations

Branches:
Dungeon (5/15)
 Temple: D:4-7

Altars:
Cheibriados


Innate Abilities, Weirdness & Mutations

A weak demonic guardian rushes to your aid.


Message History

* * * LOW HITPOINT WARNING * * *
You hit the bullfrog skeleton.
The bullfrog skeleton is severely damaged.
The bullfrog skeleton barely misses you.
You hit the bullfrog skeleton.
The bullfrog skeleton is almost destroyed.
The bullfrog skeleton closely misses you. x2
You slash the bullfrog skeleton!
You destroy the bullfrog skeleton!
Your Axes skill increases to level 2!
Your Stealth skill increases to level 5!
You have reached level 2!
Your demonic ancestry asserts itself...
You feel the presence of a demonic guardian.
You have reached level 3!
Your experience leads to an increase in your attributes!
Increase (S)trength, (I)ntelligence, or (D)exterity?
You feel stronger.
An ice beast comes into view.
An iguana comes into view.
A gnoll comes into view. It is wielding a +0 halberd.
A gnoll comes into view. It is wielding a +0 club.
You start resting.
HP restored.
The gnoll shouts!
The iguana hisses angrily.
The iguana bites you!
You hit the iguana.
The iguana is lightly wounded.
The iguana closely misses you.
You hit the iguana.
The iguana is moderately wounded.
The iguana bites you. The iguana bites you! The gnoll closely misses you.
The iguana bites you!
* * * LOW HITPOINT WARNING * * *
A demonic guardian appears!
You feel yourself speed up.
Your ufetubus hits the gnoll but does no damage.
Your ufetubus barely misses the gnoll.
The iguana bites you!
You die...

.. #.## #. #.# #.##
##.# #..#
##..######. #
#.####..........
...
#........###....
....#####5.#####.##
.. .........g##
#..## ..##..@..##
##...###g ##..l..#
##....g....
#..#..###........##
#..#...#...####..#
#...#.....## #..#.
##..#....## ##....
#..#...## ##...##
#......# #.≈≈≈.#
####......##
#≈≈≈≈≈#


You could see an iguana, a gnoll (ally target) and a friendly ufetubus
(summoned).

Vanquished Creatures
  A bullfrog skeleton (D:5)
  A dart slug (D:5)
2 creatures vanquished.

Notes
Turn   | Place    | Note
-------+----------+-------------------------------------------
     0 | D:5      | croobank the Demonspawn Delver began the quest for the Orb.
     0 | D:5      | Reached XP level 1. HP: 18/18 MP: 1/1
     9 | D:5      | Found a snail-covered altar of Cheibriados.
    87 | D:5      | Reached skill level 5 in Stealth
    87 | D:5      | Gained mutation: A weak demonic guardian rushes to your
                  | aid. [demonic ancestry]
    87 | D:5      | Reached XP level 2. HP: 2/24 MP: 2/2
    87 | D:5      | Reached XP level 3. HP: 2/29 MP: 3/3
    89 | D:5      | Noticed an ice beast
   397 | D:5      | Mangled by an iguana

Illustrated notes

Levels and vault maps discovered:
D:5:      layout_layer_cave, kennysheep_slug_shrine, st_stairs_9

Skill      XL: |  1 |
---------------+----+-----
Axes           | 2 |  2.0
Stealth        | 5 |  5.1
Fighting       | |  3.2
Armour         | |  0.2
Dodging        | |  1.9

Action                   || total
-------------------------++-------
Melee: Hand axe          ||    17
  Use: Scroll            ||     1
       Potion            ||     1
Armor: Leather armour    ||     2
Dodge: Dodged            ||    11

Table legend: (Time is in decaauts)
 A = Elapsed time spent in this place.
 B = Non-inter-level travel time spent in this place.
 C = Inter-level travel time spent in this place.
 D = Time resting spent in this place.
 E = Time spent auto-exploring this place.
 F = Levels seen in this place.
 G = Mean time per level.
                   A        B        C        D        E       F      G
               +--------+--------+--------+--------+--------+-----+--------+
         Total |    403 |    403 |      0 |    271 |     51 |   1 |  403.0 |
       Dungeon |    403 |    403 |      0 |    271 |     51 |   1 |  403.0 |
               +--------+--------+--------+--------+--------+-----+--------+

Top non-repeatable levels by time:
     D:5: 403 daAuts
